AoeStats
← richd

Yucatan

503671981Analyzed
4v4 RM · 2mo ago on Sep 1, 2026· 45m 15s· 8 players
Game mode
Random Map
Map size
Large (8 player)
Population
200
Speed
Normal
Resources
Standard
Victory
Conquest
Starting age
Dark Age
Ending age
Imperial Age
RankedLock teamsTeams togetherTeam positionsShared explorationLock speedFull tech treeHidden civsTurbo modeCheats
Victory
Defeat
🇫🇷 Cumans · France
1216
+13
🇦🇷 Mongols · Argentina
1169
+15
🇧🇷 Wu · Brazil
1133
+17
🇨🇦 Magyars · Canada
1106
+18
vs
🇬🇧 Bohemians · United Kingdom
1170
-17
🇬🇧 Dravidians · United Kingdom
1161
-16
🇧🇪 Huns · Belgium
1159
-16
🇵🇱 Japanese · Poland
1142
-15
noumha
12:59 Feudal Age
11:20 Loom
15:12 Horse Collar
15:20 Double-Bit Axe
20:00 Castle Age
20:33 Light Cavalry
24:09 Heavy Plow
29:33 Forging
30:53 Bloodlines
31:20 Husbandry
32:17 Wheelbarrow
32:08 Bow Saw
33:25 Iron Casting
32:55 Scale Barding Armor
38:40 Imperial Age
36:26 Hand Cart
35:58 Town Watch
38:01 Chain Barding Armor
37:54 Gold Mining
39:11 Hussar
39:12 Cavalier
40:57 Blast Furnace
40:32 Plate Barding Armor
43:17 Conscription
richd
2:01 Loom
13:13 Feudal Age
17:40 Castle Age
15:40 Horse Collar
16:22 Double-Bit Axe
20:43 Chemistry
20:03 Fervor
22:26 Sanctity
21:43 Pikeman
22:27 Scale Mail Armor
25:14 Redemption
26:30 Wheelbarrow
26:45 Forging
34:34 Imperial Age
36:47 Fletching
39:42 Wagenburg Tactics
41:05 Halberdier
42:22 Iron Casting
[BCBC] robwadsworth92
7:07 Loom
13:14 Feudal Age
16:56 Castle Age
15:13 Forging
15:05 Scale Mail Armor
16:13 Double-Bit Axe
16:39 Forging
17:22 Stone Mining
21:40 Wheelbarrow
25:18 Horse Collar
26:03 Bow Saw
29:01 Hand Cart
28:44 Stone Mining
29:56 Chain Mail Armor
36:33 Imperial Age
34:56 Pikeman
36:43 Heavy Plow
36:44 Elite Urumi Swordsman
38:45 Chemistry
38:32 Iron Casting
38:30 Plate Mail Armor
39:10 Wootz Steel
39:22 Wootz Steel
42:39 Iron Casting
41:59 Onager
43:07 Conscription
42:15 Halberdier
Firkrag
9:44 Loom
11:33 Feudal Age
13:53 Double-Bit Axe
16:22 Castle Age
14:27 Gold Mining
17:17 Fletching
21:59 Bodkin Arrow
22:55 Bloodlines
22:57 Padded Archer Armor
26:59 Thumb Ring
32:43 Ballistics
32:57 Bow Saw
32:29 Horse Collar
34:24 Heavy Plow
36:04 Town Watch
36:54 Wheelbarrow
41:12 Imperial Age
40:20 Hand Cart
43:03 Parthian Tactics
44:00 Two-Man Saw
Dark Percival 15
3:24 Loom
11:11 Feudal Age
17:10 Double-Bit Axe
17:08 Horse Collar
20:16 Gold Mining
23:22 Castle Age
23:16 Wheelbarrow
23:39 Scale Barding Armor
23:45 Forging
23:49 Bloodlines
24:03 Heavy Plow
24:27 Bow Saw
25:55 Chain Barding Armor
29:03 Town Watch
30:47 Iron Casting
36:19 Town Patrol
36:34 Hand Cart
39:33 Imperial Age
38:47 Gold Shaft Mining
39:49 Elite Steppe Lancer
41:33 Blast Furnace
41:09 Plate Barding Armor
Mionel Lessi
3:02 Loom
13:16 Feudal Age
16:54 Castle Age
15:43 Horse Collar
15:49 Double-Bit Axe
18:14 Wheelbarrow
17:24 Town Watch
26:43 Hand Cart
28:31 Gold Mining
29:25 Fletching
29:36 Padded Archer Armor
30:12 Bodkin Arrow
30:42 Treadmill Crane
31:00 Murder Holes
33:45 Imperial Age
31:37 Leather Archer Armor
31:57 Masonry
33:07 Gold Shaft Mining
33:07 Bow Saw
33:19 Ballistics
34:08 Red Cliffs Tactics
34:23 Heavy Plow
34:49 Bracer
36:06 Chemistry
36:03 Conscription
35:54 Elite Fire Archer
41:58 Architecture
Jimmy Jay
4:20 Loom
13:05 Feudal Age
17:07 Castle Age
15:39 Stone Mining
15:36 Double-Bit Axe
15:37 Horse Collar
16:29 Gold Mining
20:14 Bow Saw
20:13 Heavy Plow
21:00 Fletching
21:28 Elite Skirmisher
22:13 Padded Archer Armor
24:58 Bodkin Arrow
29:40 Wheelbarrow
34:27 Imperial Age
32:45 Thumb Ring
32:56 Leather Archer Armor
33:02 Ballistics
32:54 Masonry
33:28 Bloodlines
33:18 Husbandry
33:39 Husbandry
34:32 Gold Shaft Mining
34:33 Stone Shaft Mining
34:45 Hand Cart
36:31 Chemistry
35:58 Conscription
36:30 Bracer
36:52 Light Cavalry
37:22 Elite Mangudai
40:54 Light Cavalry
41:40 Scale Barding Armor
41:46 Forging
46:08 Iron Casting
45:53 Chain Barding Armor
Big Testicles
4:08 Loom
12:19 Feudal Age
18:05 Castle Age
16:53 Scale Barding Armor
17:33 Bloodlines
17:16 Double-Bit Axe
17:51 Horse Collar
19:20 Bloodlines
19:35 Fletching
19:53 Town Watch
25:12 Bow Saw
25:47 Horse Collar
26:24 Light Cavalry
28:46 Wheelbarrow
28:15 Heavy Plow
29:35 Chain Barding Armor
29:41 Husbandry
31:35 Hand Cart
34:05 Imperial Age
33:06 Bodkin Arrow
34:06 Hussar
34:28 Capped Ram
36:37 Plate Barding Armor
39:59 Cavalier
41:30 Conscription
41:18 Gold Mining
41:37 Caravan
41:43 Paladin
Connection lost

Rejoining the realm…

Still unreachable

The connection could not be restored.

Session expired

The server has moved on; the page needs a fresh start.